 Dungeon Crawl Stone Soup version 0.22-a0-785-g6253c82ace (webtiles) character file.

69 RedPan the Conjurer (level 3, -2/26 HPs)
             Began as a Demigod Conjurer on July 20, 2018.
             Slain by a gnoll
             ... wielding a +0 spear
              (3 damage)
             ... on level 2 of the Dungeon.
             The game lasted 00:04:28 (2545 turns).

RedPan the Conjurer (Demigod Conjurer)              Turns: 2545, Time: 00:04:28

Health: -2/26      AC:  4    Str: 11    XL:     3   Next: 75%
Magic:  0/9        EV: 12    Int: 21    God:
Gold:   64         SH:  0    Dex: 16    Spells: 4/7 levels left

rFire    . . .     SeeInvis .   m - +0 whip
rCold    . . .     Gourm    .   (no shield)
rNeg     . . .     Faith    .   g - +2 robe {MR+}
rPois    .         Spirit   .   (no helmet)
rElec    .         Reflect  .   (no cloak)
rCorr    .         Harm     .   (no gloves)
MR       +....                  (no boots)
Stlth    ++........             (no amulet)
HPRegen  0.08/turn              (no ring)
MPRegen  0.11/turn              (no ring)

@: no status effects
A: high mp 1
a: no special abilities


You were on level 2 of the Dungeon.
You were hungry.

You visited 1 branch of the dungeon, and saw 2 of its levels.

You collected 64 gold pieces.

Inventory:

Hand Weapons
 m - a +0 whip (weapon)
Missiles
 e - 3 javelins (quivered)
Armour
 a - a +0 robe
 g - a +2 robe of magic resistance (worn)
Scrolls
 l - a scroll of teleportation {unknown}
 n - a scroll of identify
Potions
 b - a potion of haste
 d - 2 potions of curing
 h - a potion of might
 i - a potion of lignification {unknown}
 j - a potion of flight {unknown}
 k - a potion of heal wounds {unknown}
Comestibles
 c - 8 rations
 f - 3 chunks of flesh


   Skills:
 - Level 1.7 Dodging
 - Level 1.7 Stealth
 + Level 2.5 Spellcasting
 * Level 4.7 Conjurations


You had 4 spell levels left.
You knew the following spells:

 Your Spells              Type           Power        Failure   Level  Hunger
a - Magic Dart            Conj           ###.         1%          1    None
b - Searing Ray           Conj           ###...       3%          2    ##.....

Your spell library contained the following spells:

 Spells                   Type           Power        Failure   Level  Hunger
 Iskenderun's Mystic Bla  Conj           ###.....     21%         4    ####...
 Fulminant Prism          Conj/Hex       ##........   47%         4    ####...
 Dazzling Spray           Conj/Hex       ##....       16%         3    ###....
 Force Lance              Conj/Tloc      ##......     47%         4    ####...


Dungeon Overview and Level Annotations

Branches:
Dungeon (2/15)


Innate Abilities, Weirdness & Mutations

You have an increased reservoir of magic. (+10% MP)


Message History

Casting: Searing Ray (safe; 3% risk of failure)
Confirm with . or Enter, or press ? or * to list all spells.
Aiming: Magic Dart (safe; 1% risk of failure)
Press: ? - help, Shift-Dir - straight line, f/p - gnoll
Aim: a gnoll, wielding a club (heavily wounded)
The magic dart hits the gnoll.
The gnoll is almost dead.
The gnoll hits you with a club.
* * * LOW HITPOINT WARNING * * *
Casting: Magic Dart (safe; 1% risk of failure)
Confirm with . or Enter, or press ? or * to list all spells.
Aiming: Magic Dart (safe; 1% risk of failure)
Press: ? - help, Shift-Dir - straight line, f/p - gnoll
Aim: a gnoll, wielding a club (almost dead)
The magic dart hits the gnoll.
The gnoll is almost dead.
The gnoll hits you with a club.
* * * LOW HITPOINT WARNING * * *
The gnoll hits you from afar with a spear.
You die...

.......# #.# ### #..$..# #.# ##
..###....## #########.###.
#.#......#########............#
#........##..........#.......##
###..$....g...######.#.#...###..#
.%..%....g.#########.#.#..## #.#.
#......g...### #.....#.#..# #.#.
.............# #@#####.#..####.#.
#.......####.# #g# #.#.........
.............# #g# #.#..###....
..#.#.#.###..# #.#####.#..# ##.#.
......#.# #..###.#........# ###.
.##.#.#.###..##....###.#..# #.
#.......#..#.....##..#..# #.
#.#............##.##..# #.
#........#.....##.##..# #.


You could see 2 gnolls.

Vanquished Creatures
  A gnoll (D:2)
  An adder (D:2)
  2 worms (D:2)
  2 dart slugs
  A leopard gecko (D:2)
  2 ball pythons (D:1)
  4 giant cockroaches
  3 goblins (D:1)
  6 hobgoblins (D:1)
  2 quokkas
  2 bats
  3 frilled lizards
  5 kobolds
  5 rats
39 creatures vanquished.

Notes
Turn   | Place    | Note
-------+----------+-------------------------------------------
     0 | D:1      | RedPan the Demigod Conjurer began the quest for the Orb.
     0 | D:1      | Reached XP level 1. HP: 14/14 MP: 5/5
   333 | D:1      | Reached XP level 2. HP: 7/20 MP: 4/7
   557 | D:1      | Reached skill level 4 in Conjurations
  1652 | D:2      | Reached XP level 3. HP: 12/26 MP: 2/9
  2369 | D:2      | Learned a level 2 spell: Searing Ray
  2536 | D:2      | HP: 1/26 [gnoll/club (4)]
  2545 | D:2      | HP: 1/26 [gnoll/club (1)]
  2545 | D:2      | Slain by a gnoll

Vault maps used:
D:1:      saegor_arrival_under_anarchy
D:2:      first_ration

Skill      XL: |  1  2 |
---------------+-------+-----
Spellcasting   | 2 |  2.5
Conjurations   | 4 |  4.7
Dodging        | |  1.7
Stealth        | |  1.7

Action                   || total
-------------------------++-------
Melee: Dagger            ||    15
       Whip              ||     9
 Cast: Magic Dart        ||    78
       Searing Ray       ||     8
  Use: Scroll            ||     4
  Eat: Chunk             ||     5
Armor: Robe              ||     2
Dodge: Dodged            ||    23

Table legend:
 A = Spawn XP
 B = Non-spawn XP
 C = Spawn XP percentage of total XP
 D = Spawn monster count
 E = Non-spawn monster count
 F = Spawn count percentage of total count
 G = Total turns spent on level
                    A         B        C        D         E        F      G
               +---------+---------+-------+---------+---------+-------+---------
         Total |       0 |      99 |   0.0 |       0 |      39 |   0.0 |  2545
               +---------+---------+-------+---------+---------+-------+---------
           D:1 |       0 |      41 |   0.0 |       0 |      23 |   0.0 |  1696
           D:2 |       0 |      58 |   0.0 |       0 |      16 |   0.0 |   849
               +---------+---------+-------+---------+---------+-------+---------
